 Dungeon Crawl Stone Soup version 0.28.0 (webtiles) character file.

Game seed: 12594582538181692407

1785 Akaron the Firebug (level 9, -7/53 HPs)
             Began as an Octopode Fire Elementalist on Feb 13, 2022.
             Was an Initiate of Vehumet.
             Engulfed by a cloud of flame (27 damage)
             ... on level 8 of the Dungeon.
             The game lasted 00:19:08 (10472 turns).

Akaron the Firebug (Octopode Fire Elementalist)    Turns: 10472, Time: 00:19:08

Health: -7/53      AC:  1    Str: 13    XL:     9   Next: 8%
Magic:  0/17       EV: 13    Int: 22    God:    Vehumet [......]
Gold:   331        SH:  4    Dex: 18    Spells: 9/19 levels left

rFire   . . .      SeeInvis +   p - +2 falchion (protect)
rCold   + + .      Faith    .   s - +0 buckler
rNeg    . . .      Spirit   +   (helmet restricted)
rPois   .          Reflect  .   K - amulet of guardian spirit
rElec   .          Harm     .   b - ring of see invisible
rCorr   .          Rampage  .   f - +6 ring of dexterity
Will    .....                   l - +6 ring of strength
Stlth   ++++......              n - ring of protection from cold
HPRegen 0.17/turn               C - ring of protection from cold
MPRegen 0.15/turn               (no ring)
                                (no ring)
                                (no ring)

@: lethally poisoned (-7 -> -22)
A: almost no armour, amphibious, 8 rings, camouflage 1, gelatinous body 1,
(nimble swimmer 1), tentacles
a: Renounce Religion


You were on level 8 of the Dungeon.
You worshipped Vehumet.
Vehumet was noncommittal.
You visited 2 branches of the dungeon, and saw 9 of its levels.
You also visited: Sewer.

You collected 331 gold pieces.

Inventory:

Hand Weapons
 h - a +1 dagger of venom
 p - a +2 falchion of protection (weapon)
 u - the +7 staff of the Meek {protect, meekguard}
   (You found it on level 4 of the Dungeon)

   It grants its wielder temporary protection when it strikes (+7 to AC).
   It provides extra protection to wielders with little health.
Missiles
 m - 6 curare-tipped darts
 E - 3 datura-tipped darts
 F - 11 poisoned darts
 G - 2 throwing nets
Armour
 s - a +0 buckler (worn)
Jewellery
 b - a ring of see invisible (left tentacle)
 f - a +6 ring of dexterity (right tentacle)
 l - a +6 ring of strength (on tentacle)
 n - a ring of protection from cold (on tentacle)
 C - a ring of protection from cold (on tentacle)
 K - an amulet of guardian spirit (around mantle)
Wands
 I - a wand of polymorph (12)
Scrolls
 a - 6 scrolls of teleportation
 e - 3 scrolls of enchant armour
 g - a scroll of fog {unknown}
 o - a scroll of fear {unknown}
 w - 4 scrolls of vulnerability {unknown}
 y - a scroll of noise {unknown}
 A - 3 scrolls of identify
 B - a scroll of enchant weapon {unknown}
 D - 2 scrolls of amnesia {unknown}
 H - a scroll of magic mapping {unknown}
Potions
 c - 2 potions of mutation {unknown}
 d - a potion of might {unknown}
 i - 3 potions of brilliance
 j - a potion of ambrosia {unknown}
 k - a potion of curing {unknown}
 q - 5 potions of attraction
 r - 2 potions of heal wounds {unknown}
 t - 2 potions of invisibility {unknown}
 v - a potion of magic {unknown}
 x - 2 potions of haste {unknown}
 z - a potion of lignification {unknown}
 J - a potion of cancellation {unknown}


   Skills:
 + Level 1.1 Fighting
 + Level 2.1 Long Blades
 + Level 2.8 Dodging
 + Level 4.8 Stealth
 + Level 0.4 Shields
 + Level 0.3 Unarmed Combat
 + Level 5.8 Spellcasting
 + Level 5.5 Conjurations
 + Level 7.0 Fire Magic


You had 9 spell levels left.
You knew the following spells:

 Your Spells              Type           Power      Damage    Failure   Level
a - Foxfire               Conj/Fire      100%       2x1d9     1%          1
b - Scorch                Fire           74%        2d8       1%          2
c - Conjure Flame         Conj/Fire      34%        6-21      2%          3
d - Flame Wave            Conj/Fire      34%        2d8       10%         4

Your spell library contained the following spells:

 Spells                   Type           Power      Damage    Failure   Level
 Inner Flame              Hex/Fire       21%        N/A       9%          3
 Call Canine Familiar     Summ           6%         N/A       36%         3
 Gell's Gravitas          Tloc           6%         N/A       36%         3
 Lesser Beckoning         Tloc           6%         N/A       36%         3
 Portal Projectile        Hex/Tloc       12%        N/A       36%         3
 Summon Guardian Golem    Hex/Summ       6%         N/A       36%         3
 Teleport Other           Tloc           6%         N/A       36%         3
 Leda's Liquefaction      Hex/Erth       3%         N/A       77%         4
 Blade Hands              Tmut           3%         N/A       98%         5
 Iron Shot                Conj/Erth      9%         9d3       99%         6
 Dispersal                Tloc           3%         N/A       100%        6
 Summon Cactus Giant      Summ           3%         N/A       100%        6
 Orb of Destruction       Conj           15%        9d7       100%        7
 Spellforged Servitor     Conj/Summ      9%         N/A       100%        7
 Animate Armour           Summ/Erth      Unusable   N/A       N/A         4

Dungeon Overview and Level Annotations

Branches:
Dungeon (8/15)             Temple (1/1) D:6           Sewer (visited)
   Lair: D:8-11

Altars:
Ashenzari
Cheibriados
Dithmenos
Elyvilon
Fedhas
Gozag
Hepliaklqana
Kikubaaqudgha
Makhleb
Nemelex Xobeh
Okawaru
Qazlal
Ru
Sif Muna
Trog
Uskayaw
Vehumet
Wu Jian
Xom
Yredelemnul
Zin
The Shining One
Beogh

Annotations:
D:2 Sigmund


Innate Abilities, Weirdness & Mutations

You cannot wear most types of armour.
You are amphibious.
You can wear up to eight rings at the same time.
Your skin changes colour to match your surroundings (Stealth+).
Your rubbery body absorbs attacks. (AC +1, EV +1)
((You are camouflaged when in or above water. (Stealth+)))
You have tentacles for arms and can constrict up to eight enemies at once.


Message History

A killer bee comes into view.
The orc wizard moves out of view.
The killer bee moves out of view.
The killer bee stings you! The killer bee stings you.
Casting: Foxfire (safe; 1% risk of failure)
Confirm with . or Enter, or press ? or * to list all spells.
Casting: Flame Wave (dangerous; 10% risk of failure)
Press: ? - help, Dir - look around, f - activate A wave of flame ripples out!
The flame wave engulfs the killer bee!
You kill the killer bee!
Vehumet accepts your kill. (Press . to intensify the flame waves.)
You hear an angry buzzing noise.
You hear a shout! x3
A wave of flame ripples out!
The flame wave engulfs the killer bee!
The killer bee is heavily wounded.
The flame wave engulfs the killer bee.
The killer bee is moderately wounded.
The killer bee barely misses you. The killer bee completely misses you.
An orc comes into view. It is wielding a +0 club.
You block the killer bee's attack.
A wave of flame ripples out!
The flame wave engulfs the killer bee.
The killer bee is heavily wounded.
The flame wave engulfs the killer bee.
The killer bee is severely wounded.
You finish channelling waves of flame.
The killer bee stings you!
You are poisoned.
The killer bee poisons you! The killer bee stings you.
The killer bee barely misses you.
Casting: Flame Wave (dangerous; 10% risk of failure)
Confirm with . or Enter, or press ? or * to list all spells.
The fire begins to smoulder!
You feel very sick.
The killer bee barely misses you. x2; The killer bee stings you.
You are more poisoned.
The killer bee poisons you! The killer bee stings you!
Casting: Conjure Flame (dangerous; 2% risk of failure)
Confirm with . or Enter, or press ? or * to list all spells.
The fire ignites!
You are engulfed in blazing flames.
Ouch! That really hurt!
You die...

.........#.......#
.........#######.#
.......#.# ####.####
.....#..... #.......#
.....#..... #.......#
.....#.....##.......#
#.......# #.......#
#..y@...# #...yy..#
#.......# #.......#
####.#### #o# #.# #.#
..y


You could see 3 killer bees and an orc.

Vanquished Creatures
  A water moccasin (D:5)
  2 sky beasts (D:7)
  An ice beast (D:3)
  A necrophage (D:4)
  A phantom (D:6)
  2 kobold brigands
  2 bullfrogs
  A killer bee (D:8)
  2 howler monkeys
  A bullfrog zombie (D:4)
  A centaur zombie (D:7)
  5 hounds
  4 orc priests
  3 jellies
  A centaur skeleton (D:6)
  3 iguanas
  An orc wizard (D:6)
  A hound skeleton (D:4)
  10 adders
  3 gnolls (D:4)
  A river rat (D:5)
  A white imp (D:7)
  3 ufetubi
  An adder zombie (D:5)
  2 worms
  4 dart slugs
  11 orcs
  6 endoplasms
  5 giant cockroaches
  8 goblins
  9 hobgoblins
  3 jackals (D:2)
  18 kobolds
  4 quokkas
  13 ball pythons
  7 bats
  8 frilled lizards
  19 rats
169 creatures vanquished.

Vanquished Creatures (others)
  527 foxfires
  5 plants (D:2)
532 creatures vanquished.

Grand Total: 701 creatures vanquished

Notes
Turn   | Place    | Note
-------+----------+-------------------------------------------
     0 | D:1      | Akaron the Octopode Fire Elementalist began the quest for
                  | the Orb.
     0 | D:1      | Reached XP level 1. HP: 11/11 MP: 3/3
   292 | D:1      | Reached XP level 2. HP: 17/17 MP: 3/5
   708 | D:1      | Learned a level 2 spell: Scorch
  1077 | D:1      | Reached XP level 3. HP: 21/21 MP: 1/6
  1715 | D:2      | Learned a level 3 spell: Conjure Flame
  1832 | D:2      | Noticed Sigmund
  1911 | D:3      | Reached XP level 4. HP: 15/27 MP: 2/7
  2204 | D:3      | Found an ornate altar of the Wu Jian Council.
  2665 | D:3      | Reached skill level 4 in Fire Magic
  2938 | D:3      | Reached XP level 5. HP: 31/31 MP: 6/9
  4593 | D:4      | Learned a level 4 spell: Flame Wave
  4696 | D:4      | Noticed an ice beast
  4699 | D:4      | Reached XP level 6. HP: 37/37 MP: 1/10
  4749 | D:3      | Killed an ice beast
  5144 | D:4      | Reached skill level 1 in Long Blades
  5198 | D:4      | Found the +7 staff of the Meek {protect, meekguard}
  5263 | D:4      | Reached XP level 7. HP: 42/42 MP: 1/12
  5268 | D:4      | Reached skill level 5 in Fire Magic
  5856 | D:5      | Entered Level 5 of the Dungeon
  6261 | D:5      | Reached XP level 8. HP: 47/47 MP: 9/14
  6329 | D:5      | Found a glowing drain.
  6367 | Sewer    | Entered a sewer
  7591 | D:6      | Reached skill level 6 in Fire Magic
  7952 | D:6      | Reached skill level 5 in Spellcasting
  8180 | D:6      | Reached skill level 5 in Conjurations
  8709 | D:6      | Found a staircase to the Ecumenical Temple.
  8799 | Temple   | Entered the Ecumenical Temple
  8822 | Temple   | Became a worshipper of Vehumet
 10149 | D:7      | Reached XP level 9. HP: 52/52 MP: 12/17
 10192 | D:7      | Reached skill level 1 in Fighting
 10192 | D:7      | Reached skill level 7 in Fire Magic
 10472 | D:8      | Engulfed by a cloud of flame

Illustrated notes

Levels and vault maps discovered:
D:1:      minmay_arrival_cross, layout_loops_ring
D:2:      layout_loops_cross, glass_columns_b, serial_bayou_ford_a,
          bh_walls_and_bars, uniq_sigmund
D:3:      layout_basic, nzn_wu_jian_contemplation, interstate_on_off,
          minivault_19, minmay_goblin_kobold_house
D:4:      layout_basic, minmay_misc_feat_cross, pf_guarded_unrand_meek
D:5:      layout_cave_pods, portal_sewer_entry_c
D:6:      layout_layer_cave, temple_doors_e
D:7:      layout_basic, serial_corexii_hall, chequers_hall_statues_y,
          corexii_hall_statues_s, corexii_hall_statues_t,
          corexii_hall_statues_l, corexii_hall_statues_x,
          corexii_hall_statues_t, st_stairs_14
D:8:      layout_basic
Temple:   minmay_crystal_snake_temple

Skill      XL: |  1  2  3  4  5  6  7  8  9 |
---------------+----------------------------+-----
Conjurations   | 2 3 4 5 |  5.5
Fire Magic     | 4 5 6 7 |  7.0
Stealth        | 3 4 |  4.8
Spellcasting   | 3 4 5 |  5.8
Long Blades    | 1 2 |  2.1
Fighting       | 1 |  1.1
Dodging        | |  2.8
Shields        | |  0.4
Unarmed Combat | |  0.3

Action                   |  1- 3 |  4- 6 |  7- 9 || total
-------------------------+-------+-------+-------++-------
Melee: Unarmed           |    19 |       |       ||    19
       Constrict         |     4 |     5 |     1 ||    10
       Tentacles         |     4 |     4 |     3 ||    11
       Punch             |     1 |       |       ||     1
       Dagger            |       |     6 |       ||     6
       Falchion          |       |     8 |    14 ||    22
 Cast: Foxfire           |    55 |   108 |   171 ||   334
       Scorch            |     1 |       |     2 ||     3
       Conjure Flame     |       |       |     2 ||     2
       Flame Wave        |       |       |     1 ||     1
  Use: Scroll            |       |     1 |     3 ||     4
 Stab: Sleeping          |       |     1 |     1 ||     2
Armor: Skin              |     3 |     3 |     1 ||     7
Dodge: Dodged            |    16 |    43 |    26 ||    85
Block: Buckler           |       |     2 |     6 ||     8
